 Dungeon Crawl Stone Soup version 0.27-a0-506-g2188dfaaa0 (webtiles) character file.

Game seed: 15982100106733974446

32 Morbidden the Skirmisher (level 3, 30/30 HPs)
             Began as a Demonspawn Fighter on Mar 3, 2021.
             Quit the game on level 1 of the Dungeon.
             The game lasted 00:00:40 (997 turns).

Morbidden the Skirmisher (Demonspawn Fighter)        Turns: 997, Time: 00:00:40

Health: 30/30      AC:  8    Str: 16    XL:     3   Next: 8%
Magic:  3/3        EV:  4    Int: 10    God:
Gold:   94         SH: 12    Dex: 12    Spells: 2/2 levels left

rFire    . . .     SeeInvis .   a - +0 long sword
rCold    . . .     Faith    .   i - +0 tower shield
rNeg     . . .     Spirit   .   b - +0 scale mail
rPois    .         Reflect  .   (helmet restricted)
rElec    .         Harm     .   (no cloak)
rCorr    .         Rampage  .   (no gloves)
Will     +....                  (no boots)
Stlth    ..........             (no amulet)
HPRegen  0.10/turn              g - ring of willpower
MPRegen  0.08/turn              (no ring)

@: no status effects
A: antennae 1, molten scales 1
a: no special abilities


You were on level 1 of the Dungeon.
You visited 1 branch of the dungeon, and saw 1 of its levels.

You collected 94 gold pieces.

Inventory:

Hand Weapons
 a - a +0 long sword (weapon)
Armour
 b - a +0 scale mail (worn)
 i - a +0 tower shield (worn)
Jewellery
 g - a ring of willpower (left hand)
Scrolls
 c - a scroll of random uselessness {unknown}
 h - a scroll of identify {unknown}
 j - a scroll of teleportation {unknown}
Potions
 d - a potion of might
 e - a potion of invisibility {unknown}
 f - a potion of berserk rage {unknown}


   Skills:
 * Level 3.9 Fighting
 * Level 2.0 Long Blades
 + Level 2.8 Armour
 + Level 0.1 Dodging
 + Level 2.8 Shields


You had 2 spell levels left.
You didn't know any spells.
Your spell library was empty.

Dungeon Overview and Level Annotations

Branches:
Dungeon (1/15)

Altars:


Innate Abilities, Weirdness & Mutations

You have a pair of small antennae on your head.
You are partially covered in molten scales. (AC +2)


Message History

No target in view!
No target in view!
A rat is nearby!
The ooze quivers.
Your shield prevents you from hitting the rat.
The rat bites you but does no damage. You block the rat's attack.
Your shield prevents you from hitting the rat.
The rat bites you. You block the rat's attack.
You hit the rat.
You kill the rat!
The ooze hits you but does no damage.
You hit the ooze.
The ooze is lightly wounded.
You block the ooze's attack.
You hit the ooze but do no damage.
The ooze is lightly wounded.
The ooze completely misses you. The ooze hits you but does no damage.
You hit the ooze.
The ooze is severely wounded.
You block the ooze's attack. The ooze hits you but does no damage.
Your shield prevents you from hitting the ooze.
The ooze is severely wounded.
You block the ooze's attack.
You hit the ooze but do no damage.
The ooze is severely wounded.
The ooze hits you but does no damage. You block the ooze's attack.
You hit the ooze.
The ooze is almost dead.
You block the ooze's attack. The ooze hits you.
You hit the ooze.
You kill the ooze!
Your Long Blades skill increases to level 2!
You have reached level 3!
Your experience leads to an increase in your attributes!
Increase (S)trength, (I)ntelligence, or (D)exterity?
You feel clever.
Your demonic ancestry asserts itself...
A pair of antennae grows on your head!
Things that are here:
a rat corpse; a giant cockroach corpse Are you sure you want to abandon this character and quit the game? (Confirm with "yes".)

#.........#.# ###.##
#.#########.###########....# #.#
#.#..............# #.#
#.#.#########.##.#
#.#########.#.# #.##.#
#.............# #.##.#
#.#######.##### #.##.#
########..########## #.##.#
##..............@..# #.##.#
##.###+#######'###.# ##.##.#####
##.#..⌠...>...⌠..#.###..(......#
##.#......<......#..##.#######.#
#..'⌠....###....⌠†.....# #.#
#..#....[........#..#..# #.#
#..#######J#######.##..# #.#
#..#.....w.......#.##..# ### #.#
#..#.............#.##..###.###.#


There were no monsters in sight!

Vanquished Creatures
  3 oozes (D:1)
  A worm (D:1)
  A leopard gecko (D:1)
  2 giant cockroaches (D:1)
  A hobgoblin (D:1)
  A jackal (D:1)
  3 bats (D:1)
  A frilled lizard (D:1)
  A goblin (D:1)
  3 rats (D:1)
17 creatures vanquished.

Notes
Turn   | Place    | Note
-------+----------+-------------------------------------------
     0 | D:1      | Morbidden the Demonspawn Fighter began the quest for the
                  | Orb.
     0 | D:1      | Reached XP level 1. HP: 18/18 MP: 1/1
     1 | D:1      | Found a runed translucent door.
   619 | D:1      | Gained mutation: You are partially covered in molten
                  | scales. (AC +2) [demonic ancestry]
   619 | D:1      | Reached XP level 2. HP: 20/24 MP: 2/2
   890 | D:1      | Gained mutation: You have a pair of small antennae on your
                  | head. [demonic ancestry]
   890 | D:1      | Reached XP level 3. HP: 19/30 MP: 3/3
   997 | D:1      | Quit the game

Illustrated notes

Levels and vault maps discovered:
D:1:      dpeg_arrival_caged_fury, layout_loops_ring, columned_hall_lemuel

Skill      XL: |  1  2 |
---------------+-------+-----
Long Blades    | 2 |  2.0
Fighting       | |  3.9
Armour         | |  2.8
Dodging        | |  0.1
Shields        | |  2.8

Action                   || total
-------------------------++-------
Melee: Long sword        ||    53
Armor: Scale mail        ||    31
Dodge: Dodged            ||     7
Block: Tower shield      ||    27
       Kite shield       ||     9
       Rpst.: Long sword ||     2

Table legend: (Time is in decaauts)
 A = Elapsed time spent in this place.
 B = Non-inter-level travel time spent in this place.
 C = Inter-level travel time spent in this place.
 D = Time resting spent in this place.
 E = Time spent auto-exploring this place.
 F = Levels seen in this place.
 G = Mean time per level.
                   A        B        C        D        E       F      G
               +--------+--------+--------+--------+--------+-----+--------+
         Total |   1033 |   1033 |      0 |      0 |    878 |   1 | 1033.0 |
       Dungeon |   1033 |   1033 |      0 |      0 |    878 |   1 | 1033.0 |
               +--------+--------+--------+--------+--------+-----+--------+

Top non-repeatable levels by time:
     D:1: 1033 daAuts
